[Event "FRA-ch Youth U14W 2019"]
[Site "Hyeres"]
[Date "2019.04.19"]
[Round "7.1"]
[White "Cornileau, Juliette"]
[Black "Nguyen, Thao Nhi"]
[Result "1-0"]
[ECO "A47"]
[WhiteElo "1705"]
[BlackElo "1803"]
[Annotator "NA"]
[PlyCount "79"]
[EventDate "2019.04.14"]
[EventType "swiss"]
[EventCountry "FRA"]
[SourceTitle "playchess.com"]
[Source "ChessBase"]
[SourceQuality "1"]
[TimeControl "5400+30"]

1. d4 Nf6 2. Nf3 c5 3. e3 e6 4. c3 b6 5. Bd3 Bb7 6. Nbd2 Be7 7. O-O O-O 8. Qe2 d6 9. e4 cxd4 10. cxd4 Nfd7 11. Nb3 e5 12. d5 a5 13. a4 Na6 14. Be3 f5 15. exf5 Nb4 16. Bc4 Kh8 17. Rad1 Rxf5 18. Rd2 Rf8 19. Rc1 Rc8 20. Qd1 Na6 21. Bb5 Rxc1 22. Qxc1 Nc7 23. Bc6 Qc8 24. Rc2 Nc5 25. Bxc5 bxc5 26. Nxa5 Ba8 27. Qd2 Qa6 28. Bxa8 Qxa8 29. Nc6 Bf6 30. b3 Qb7 31. b4 Na6 32. b5 Nc7 33. Qd3 Ra8 34. Qe4 Ne8 35. g3 Bd8 36. Qf5 Nf6 37. Qe6 Bc7 38. Ng5 h6 39. Nf7+ Kh7 40. Ne7 1-0

[Event "FRA-ch Youth U14W 2019"]
[Site "Hyeres"]
[Date "2019.04.19"]
[Round "7.3"]
[White "Lesage, Margot"]
[Black "Sumarriva Paulin, Laura"]
[Result "0-1"]
[ECO "C00"]
[WhiteElo "1492"]
[BlackElo "1922"]
[Annotator "NA"]
[PlyCount "95"]
[EventDate "2019.04.14"]
[EventType "swiss"]
[EventCountry "FRA"]
[SourceTitle "playchess.com"]
[Source "ChessBase"]
[SourceQuality "1"]
[TimeControl "5400+30"]

1. e4 e6 2. d3 d5 3. Nd2 Nf6 4. Ngf3 c5 5. g3 Nc6 6. Bg2 Be7 7. O-O O-O 8. e5 Nd7 9. Re1 Qc7 10. Qe2 b5 11. Nf1 Bb7 12. h4 Nd4 13. Nxd4 cxd4 14. Bf4 Rac8 15. Rac1 Nb6 16. Qg4 Kh8 17. Bd2 Na4 18. Nh2 Nxb2 19. Nf3 Na4 20. Nxd4 a6 21. Bg5 Ba3 22. Ra1 Bb2 23. Rab1 Bxd4 24. Qxd4 Qxc2 25. h5 h6 26. Bf4 Nc3 27. Rbc1 Ne2+ 28. Rxe2 Qxe2 29. Rxc8 Bxc8 30. Qc5 Kg8 31. Bc1 b4 32. Be3 Qxd3 33. Qxb4 Qb5 34. Qd6 Bd7 35. Bc5 Rc8 36. Ba3 Qc6 37. Qb4 Qa4 38. Qd6 Bb5 39. Bf3 Qc2 40. Bg4 Qc6 41. Qe7 Re8 42. Qd6 Qc4 43. Bh3 Qxa2 44. Bc5 Qb1+ 45. Kh2 Qd1 46. g4 Qf3 47. Be3 Qe4 48. Bd4 0-1

[Event "FRA-ch Youth U14W 2019"]
[Site "Hyeres"]
[Date "2019.04.19"]
[Round "7.4"]
[White "Milojevic-Daim, Lola-Shaina"]
[Black "Blanquet, Camille"]
[Result "1/2-1/2"]
[ECO "A00"]
[WhiteElo "1486"]
[BlackElo "1641"]
[Annotator "NA"]
[PlyCount "62"]
[EventDate "2019.04.14"]
[EventType "swiss"]
[EventCountry "FRA"]
[SourceTitle "playchess.com"]
[Source "ChessBase"]
[SourceQuality "1"]
[TimeControl "5400+30"]

1. e4 g6 2. d3 Bg7 3. g3 d6 4. Bg2 Nd7 5. f4 e6 6. Nf3 b6 7. O-O Ne7 8. c3 Bb7 9. Re1 O-O 10. Na3 a6 11. Nc2 d5 12. e5 Rc8 13. d4 c5 14. g4 Nb8 15. Ne3 Nbc6 16. a3 Na5 17. Nf1 Qd7 18. Ng3 Nc4 19. Bf1 cxd4 20. cxd4 b5 21. b3 Nb6 22. h4 Nc6 23. h5 f5 24. hxg6 hxg6 25. Be3 Qe7 26. g5 Kf7 27. Re2 Rh8 28. Rh2 Rxh2 29. Nxh2 Rh8 30. Qc1 Rc8 31. Qd1 Rh8 1/2-1/2

[Event "FRA-ch Youth U14W 2019"]
[Site "Hyeres"]
[Date "2019.04.20"]
[Round "8.2"]
[White "Sumarriva Paulin, Laura"]
[Black "Amr-Tardif, Corail"]
[Result "1/2-1/2"]
[ECO "A58"]
[WhiteElo "1922"]
[BlackElo "1617"]
[Annotator "NA"]
[PlyCount "71"]
[EventDate "2019.04.14"]
[EventType "swiss"]
[EventCountry "FRA"]
[SourceTitle "playchess.com"]
[Source "ChessBase"]
[SourceQuality "1"]
[TimeControl "5400+30"]

1. d4 Nf6 2. c4 c5 3. d5 b5 4. cxb5 a6 5. bxa6 g6 6. Nc3 Bg7 7. a7 Rxa7 8. e4 O-O 9. Nf3 d6 10. Be2 Bg4 11. O-O Nbd7 12. Qc2 Bxf3 13. Bxf3 Ne5 14. Be2 Qb6 15. Nb5 Ra5 16. a4 Raa8 17. Bd2 Rfb8 18. Bc3 Ned7 19. Ra3 Ne8 20. Rfa1 Bxc3 21. bxc3 Nc7 22. c4 Ra5 23. f4 Rba8 24. Qc3 Qb7 25. e5 dxe5 26. fxe5 R8a6 27. Bf3 Qb8 28. e6 fxe6 29. dxe6 Nb6 30. Nxc7 Qxc7 31. Bd5 Rxa4 32. Qf3 Qd8 33. Rxa4 Rxa4 34. Rxa4 Nxa4 35. Qb3 Nb6 36. Qf3 1/2-1/2

[Event "FRA-ch Youth U14W 2019"]
[Site "Hyeres"]
[Date "2019.04.21"]
[Round "9.1"]
[White "Cornileau, Juliette"]
[Black "Blanquet, Camille"]
[Result "0-1"]
[ECO "D03"]
[WhiteElo "1705"]
[BlackElo "1641"]
[Annotator "NA"]
[PlyCount "118"]
[EventDate "2019.04.14"]
[EventType "swiss"]
[EventCountry "FRA"]
[SourceTitle "playchess.com"]
[Source "ChessBase"]
[SourceQuality "1"]
[TimeControl "5400+30"]

1. d4 d5 2. Nf3 Nf6 3. Bg5 Ne4 4. Bf4 c5 5. e3 Qb6 6. Qc1 Nc6 7. c3 Bf5 8. Be2 h6 9. Nbd2 Rc8 10. Nxe4 Bxe4 11. dxc5 Qxc5 12. O-O e6 13. Bg3 Be7 14. Nd4 a5 15. a4 O-O 16. Qd2 Rfd8 17. Bd3 Bf6 18. Nb5 Ne5 19. Bxe5 Bxe5 20. Rfd1 Bxd3 21. Qxd3 Qe7 22. Nd4 Rc4 23. b3 Rcc8 24. Rac1 Bb8 25. g3 h5 26. Qe2 h4 27. Qg4 hxg3 28. hxg3 g6 29. Kg2 Kg7 30. Rh1 Qd7 31. Nf3 e5 32. Qg5 Rh8 33. Nxe5 Qe6 34. Nf3 f6 35. Nd4 Qd7 36. Nf5+ Qxf5 37. Qxf5 gxf5 38. Rhd1 Rhd8 39. Rh1 Be5 40. c4 dxc4 41. bxc4 Rd2 42. Rh5 Rh8 43. Rxf5 Kg6 44. Rf3 Ra2 45. Rb1 Rb8 46. Rh1 Rxa4 47. g4 Rxc4 48. Rfh3 Rxg4+ 49. Kf3 Rc4 50. Rh6+ Kf7 51. Rh7+ Ke6 52. Rb1 Rb4 53. Rd1 Bd6 54. e4 a4 55. Ke3 a3 56. f4 Rb3+ 57. Kd4 Bxf4 58. Kc4 Rb2 59. Rdd7 Rc8+ 0-1

[Event "FRA-ch Youth U14W 2019"]
[Site "Hyeres"]
[Date "2019.04.21"]
[Round "9.3"]
[White "Tokplo, Victoria"]
[Black "Sumarriva Paulin, Laura"]
[Result "1/2-1/2"]
[ECO "C11"]
[WhiteElo "1512"]
[BlackElo "1922"]
[Annotator "NA"]
[PlyCount "76"]
[EventDate "2019.04.14"]
[EventType "swiss"]
[EventCountry "FRA"]
[SourceTitle "playchess.com"]
[Source "ChessBase"]
[SourceQuality "1"]
[TimeControl "5400+30"]

1. e4 e6 2. d4 d5 3. Nc3 Nf6 4. e5 Nfd7 5. f4 c5 6. Nf3 Nc6 7. Be3 Be7 8. Qd2 O-O 9. g3 b6 10. Bg2 Bb7 11. h4 Rc8 12. O-O Qc7 13. Ne2 cxd4 14. Nfxd4 Na5 15. b3 Nc5 16. Nc3 Ncxb3 17. cxb3 Qxc3 18. Qf2 Qc7 19. Rfc1 Qd7 20. Bf1 a6 21. Bd3 f6 22. Qe2 b5 23. Qh5 f5 24. g4 g6 25. Qh6 Kh8 26. gxf5 exf5 27. e6 Qd8 28. Nf3 Bf6 29. Ng5 Bxg5 30. hxg5 Qe7 31. Bd4+ Kg8 32. Bf6 Rxf6 33. gxf6 Qxf6 34. Qh3 Rxc1+ 35. Rxc1 Qxe6 36. Kh2 Nc6 37. Qg3 Nd4 38. Rc7 Bc8 1/2-1/2

[Event "FRA-ch Youth U14W 2019"]
[Site "Hyeres"]
[Date "2019.04.21"]
[Round "9.4"]
[White "Amr-Tardif, Corail"]
[Black "Milojevic-Daim, Lola-Shaina"]
[Result "1/2-1/2"]
[ECO "B23"]
[WhiteElo "1617"]
[BlackElo "1486"]
[Annotator "NA"]
[PlyCount "129"]
[EventDate "2019.04.14"]
[EventType "swiss"]
[EventCountry "FRA"]
[SourceTitle "playchess.com"]
[Source "ChessBase"]
[SourceQuality "1"]
[TimeControl "5400+30"]

1. e4 c5 2. Nc3 a6 3. f4 Nc6 4. Nf3 e6 5. d3 d5 6. exd5 exd5 7. d4 c4 8. Ne5 Bb4 9. g3 Nf6 10. Nxc6 bxc6 11. Qe2+ Ne4 12. Bd2 Bxc3 13. Bxc3 O-O 14. Qf3 Re8 15. O-O-O Rb8 16. Bg2 Bf5 17. g4 Nxc3 18. bxc3 Be4 19. Qf2 Qa5 20. Bxe4 dxe4 21. Qe3 Qxa2 22. Kd2 Rb2 23. Rc1 Qa4 24. Rhe1 Qb5 25. f5 Qd5 26. Qf4 c5 27. Qf2 cxd4 28. cxd4 Qa5+ 29. Ke3 Qc3+ 30. Kf4 e3 31. Rxe3 Qxd4+ 32. Kf3 Qd5+ 33. Kg3 Qd6+ 34. Kf3 Qc6+ 35. Kg3 Re4 36. Rxe4 Qxe4 37. Qf3 Qxf3+ 38. Kxf3 Kf8 39. Ke4 a5 40. h3 a4 41. Kd4 a3 42. Kc3 Rb6 43. Ra1 Ra6 44. Kxc4 Ke7 45. Kb3 g6 46. fxg6 hxg6 47. Rxa3 Rb6+ 48. Kc4 Rc6+ 49. Kd3 f5 50. gxf5 gxf5 51. Ra4 Kf6 52. Rf4 Kg5 53. Rf2 f4 54. Ke4 Rc4+ 55. Ke5 Rc5+ 56. Kd4 Rc6 57. c4 Rf6 58. Ke5 f3 59. Ke4 Rf4+ 60. Kd3 Kh4 61. Ke3 Rxc4 62. Rf1 Rc3+ 63. Kf4 Kxh3 64. Rxf3+ Rxf3+ 65. Kxf3 1/2-1/2